 Dungeon Crawl Stone Soup: Circus Animals version 1.7-37-g2c94cca (webtiles) character file.

5137 DarthKuruptios the Geomancer (level 11, -1/366 HPs) *STANDARD*
             Began as a Moon Troll Earth Elementalist on Sept 1, 2016.
             Was an Elder of Sif Muna.
             Slain by a wolf (8 damage)
             ... on level 4 of the Lair of Beasts.
             The game lasted 01:12:11 (12895 turns).

DarthKuruptios the Geomancer (MTEE)                Turns: 12895, Time: 01:12:11

Health: -1/366     AC:  7    Str: 26    XL:     11   Next: 68%
Magic:  75/75      EV: 10    Int: 19    God:    Sif Muna [****..]
Gold:   857        SH:  0    Dex: 15    Spells: 4 memorised, 15 levels left

rFire  . . .     rPois    .     (no weapon)
rCold  . . .     rElec    .     c - +0 robe
rNeg   . . .     rCorr    .     (no shield) MagicSh . . . SeeInvis .
                                (helmet restricted) StaminaSh . . . Faith .
                                d - +1 cloak RegenHP ++++++++..
SustAt +                        (gloves unavailable) RegenSP +++....... Dismiss .
                                (boots unavailable) RegenMP +++++++... Reflect .
                                j - amulet of health regeneration
MR     +....     Harm     .     m - ring of the Mackerel {MR+ Int+6}
Stlth  ..........               a - ring of sustain attributes

@: berserking, tired, quick, somewhat resistant to hostile enchantments,
extremely unstealthy
A: unfitting armour, claws 2, slimy green scales 1, fast health regeneration 3,
shaggy fur 1, tough skin 2, fast magic regeneration 3
a: Channel Magic, Forget Spell, Renounce Religion


You were on level 4 of the Lair of Beasts.
You worshipped Sif Muna.
Sif Muna was greatly pleased with you.
You were not hungry.

You visited 2 branches of the dungeon, and saw 11 of its levels.
You also visited: Sewer.

You collected 857 gold pieces.

Inventory:

Missiles
 b - 326 stones
Armour
 c - a +0 robe (worn)
 d - a +1 cloak (worn)
 h - a +0 gold dragon armour
Jewellery
 a - a ring of sustain attributes (left claw)
 e - an uncursed ring of resist corrosion
 j - an amulet of health regeneration (around neck)
 m - the ring of the Mackerel (right claw) {MR+ Int+6}
   (You found it on level 3 of the Lair of Beasts)

   [ring of protection from magic]

   It affects your intelligence (+6).
   It affects your resistance to hostile enchantments.
Wands
 f - a wand of polymorph (9/24)
 g - a wand of acid (4/15)
 i - a wand of confusion (99/144)
 k - a wand of digging (9/24)
 l - a wand of lightning (5/15)
 n - a wand of flame (51/96)
Scrolls
 g - 3 scrolls of amnesia
 j - 2 scrolls of identify
 m - a scroll of recharging
 n - 2 scrolls of immolation
 p - 3 scrolls of teleportation
 s - 7 scrolls of fog
 v - 4 scrolls of enchant weapon
 w - a scroll of enchant armour
 x - 3 scrolls of fear
 y - 2 scrolls of magic mapping
 F - a scroll of remove curse
 G - 2 scrolls of noise
 H - a scroll of silence
Potions
 c - 7 potions of stamina
 d - 9 potions of magic
 e - 4 potions of might
 f - 3 potions of flight
 h - a potion of resistance
 i - 2 potions of mutation
 k - 9 potions of lignification
 l - 3 potions of ambrosia
 o - a potion of cancellation {unknown}
 q - 3 potions of agility
 r - 9 potions of curing
 t - a potion of cure mutation {unknown}
 u - a potion of invisibility {unknown}
 z - 2 potions of brilliance
 B - a potion of haste {unknown}
Books
 a - a book of Geomancy

   Spells                             Type                      Level
   a - Sandblast                      Earth                        1
   b - Passwall                       Transmutation/Earth          2
   c - Stone Arrow                    Earth                        2
   d - Petrify                        Transmutation/Earth          4
   e - Lee's Rapid Deconstruction     Transmutation/Earth          5
 A - a book of Conjurations

   Spells                             Type                      Level
   a - Magic Dart                     Conjuration                  1
   b - Searing Ray                    Conjuration/Light            2
   c - Dazzling Spray                 Conjuration/Hexes/Light      3
   d - Fulminant Prism                Conjuration/Hexes/Time       4
   e - Iskenderun's Mystic Blast      Conjuration/Ice              4
   f - Iskenderun's Battlesphere      Conjuration/Charms/Light     5
 C - Sif Muna's Tome of Unstable Calling
   (Sif Muna gifted it to you on level 2 of the Lair of Beasts)

   Spells                             Type                      Level
   a - Summon Guardian Golem          Hexes/Summoning/Earth        3
   b - Simulacrum                     Ice/Necromancy/Summoning     6
   c - Statue Form                    Transmutation/Earth/Time     6
 d - Malign Gateway Summoning/Translocation/Darkne7
 D - a book of the Void

   Spells                             Type                      Level
   a - Invisibility                   Charms/Transmutation/Darkness 6
   b - Shadow Creatures               Summoning/Darkness           6
   c - Darkness                       Hexes/Darkness               6
 d - Malign Gateway Summoning/Translocation/Darkne7
 e - Summon Greater Demon Summoning/Darkness 7
 E - a book of Enchantments

   Spells                             Type                      Level
   a - Cause Fear                     Hexes/Darkness               4
   b - Yara's Violent Unravelling     Hexes/Transmutation          5
   c - Silence                        Hexes/Air/Darkness           5
   d - Deflect Missiles               Charms/Air                   6
   e - Discord                        Hexes                        8


   Skills:
 - Level 3.0 Dodging
 - Level 0.8 Stealth
 + Level 6.7 Spellcasting
 * Level 4.1 Conjurations
 * Level 3.6 Hexes
   Level 0.8 Transmutations
 * Level 2.4 Ice Magic
 - Level 8.7 Earth Magic
 * Level 4.0 Time Magic


You had 15 spell levels left.
You knew the following spells:

 Your Spells              Type           Power        Failure   Level  Hunger
a - Sandblast             Erth           #.........   6%          1    ##.....
b - Stone Arrow           Erth           #.........   12%         2    ##.....
c - Fulminant Prism       Conj/Hex/Time  #.........   64%         4    ###....
d - Iskenderun's Mystic   Conj/Ice       #.........   64%         4    ###....


Dungeon Overview and Level Annotations

Branches:
Dungeon (7/7)                Lair (4/7) D:7           Snake (0/4) Lair:3
 Shoals: Lair:2-6     Swamp: Lair:2-6

Altars:
Ashenzari
Dithmenos
Elyvilon
Fedhas
Makhleb
Nemelex Xobeh
Sif Muna
Uskayaw

Shops:
D:6 *


Innate Abilities, Weirdness & Mutations

You are too large for most types of armour.
You have very sharp fingernails.
You heal extremely quickly.
You are covered in fur. (AC +1)
You have very tough skin. (AC +2)
You regenerate magic extremely rapidly.
You are partially covered in slimy green scales. (AC +2)


Message History

* * * LOW HITPOINT WARNING * * *; The wolf bites you! (hp-10)
* * * LOW HITPOINT WARNING * * *; The wolf misses you.
The wolf bites you. (hp-4)
* * * LOW HITPOINT WARNING * * *; The wolf bites you! (hp-11) Damage (11) was greater than 30% of your hp (30)!!!
* * * LOW HITPOINT WARNING * * *
You completely miss the wolf. The wolf bites you but does no damage.
The wolf bites you! (hp-9)
* * * LOW HITPOINT WARNING * * *; The wolf bites you. (hp-4)
* * * LOW HITPOINT WARNING * * *; The wolf bites you. (hp-4)
* * * LOW HITPOINT WARNING * * *; The wolf bites you! (hp-10)
* * * LOW HITPOINT WARNING * * *; The wolf bites you but does no damage.
The wolf completely misses you.
Unknown command.
You are pushing your body beyond it's limits!
You scratch the wolf. (mon hp-4)
You kill the wolf!
Sif Muna accepts your kill. The wolf barely misses you.
The wolf completely misses you. The wolf closely misses you.
The wolf misses you. The wolf bites you! (hp-8)
You die...

#.######.####P### #######
........#.......# #####.#...####
...........##.P.## #.............
.#.....#..####...###.###...P.####
#####..#..# ##...#...####.####.#
#####.....## ##..#.#.### #####...
..........P###...##....# ##....
.......#........>###..#### #.#...
.P###..........h@h##...#.####....
...............hhh......÷÷..÷...#
#P...................÷.#..P#.####
###..........#.P.#.##..#######
...............#...####..##
###.#.............## #...#######
###.#.............P####.###..P##.
##.........:.......P#..h.........
###.........##P#..[..........##.#


You could see 5 wolves.

Vanquished Creatures
  A hydra (Lair:3)
  A catoblepas (Lair:2)
  8 death yaks
  Nergalle (Lair:2)
  10 elephants
  A cyclops (D:6)
  2 black mambas (Lair:3)
  6 spiny frogs
  Psyche (Lair:3)
  7 komodo dragons
  A rime drake (Lair:2)
  A two-headed ogre (D:6)
  4 blink frogs (Lair:2)
  13 yaks
  A basilisk (Lair:1)
  4 hippogriffs
  16 water moccasins
  3 phantoms
  3 black bears
  3 ice beasts
  9 porcupines
  2 orc warriors
  3 ogres (D:4)
  3 centaurs
  12 crocodiles
  A wolf (Lair:4)
  A big kobold (Sewer)
  14 giant frogs
  A scorpion (D:5)
  A wight (D:6)
  3 howler monkeys (D:6)
  A giant frog zombie (D:7)
  4 crimson imps
  Crazy Yiuf (D:6)
  3 centaur skeletons
  2 giant frog skeletons (D:6)
  7 hounds
  3 orc priests
  5 orc wizards
  A gnoll shaman (D:6)
  A hell rat (Lair:2)
  10 iguanas
  11 worker ants
  5 sheep (Lair:2)
  4 hound skeletons
  A hound zombie (D:6)
  A worker ant zombie (D:6)
  3 dart slugs
  13 giant geckos
  13 gnolls
  2 oozes
  26 orcs
  19 adders
  15 giant cockroaches
  14 goblins
  11 hobgoblins
  10 jackals
  26 kobolds
  5 quokkas
  60 river rats
  3 shadow imps
  5 worms
  2 adder skeletons (D:4)
  An adder zombie (D:6)
  12 ball pythons
  A ball python zombie (D:3)
  25 bats
  A giant gecko skeleton (D:6)
  7 giant newts
  30 rats
  2 plants
503 creatures vanquished.

Vanquished Creatures (others)
  A crocodile (Lair:2)
  7 fulminant prisms
  6 fungi
  6 plants (D:7)
20 creatures vanquished.

Grand Total: 523 creatures vanquished

Notes
Turn   | Place    | Note
-------+----------+-------------------------------------------
     0 | D:1      | DarthKuruptios the Moon Troll Earth Elementalist began the quest for the Orb.
     0 | D:1      | Reached XP level 1. HP: 166/166 MP: 75/75
   196 | D:1      | Reached XP level 2. HP: 166/166 MP: 36/75
   462 | D:1      | Learned a level 2 spell: Stone Arrow
   497 | D:1      | Reached XP level 3. HP: 165/166 MP: 22/75
  1371 | D:2      | Found a burning altar of Makhleb.
  1564 | D:2      | Gained mutation: You regenerate magic very rapidly. [Moon Troll growth]
  1564 | D:2      | Reached XP level 4. HP: 166/166 MP: 68/75
  1576 | D:2      | Reached skill level 4 in Earth Magic
  2420 | D:3      | Reached XP level 5. HP: 157/166 MP: 57/75
  3026 | D:4      | Found a sparkling altar of Nemelex Xobeh.
  3105 | D:4      | Found a faded altar of an unknown god.
  3273 | D:4      | Found a glowing drain.
  3277 | Sewer    | Entered a sewer
  3782 | D:4      | Reached skill level 5 in Earth Magic
  3782 | D:4      | Reached XP level 6. HP: 166/166 MP: 58/75
  4031 | D:4      | Found a shattered altar of Ashenzari.
  4035 | D:4      | Saw a vision of the Swamp and the Snake Pit.
  4035 | D:4      | Noticed a naga ritualist
  4035 | D:4      | Noticed a naga ritualist
  4035 | D:4      | Noticed a naga ritualist
  4036 | D:4      | Noticed a black mamba
  4036 | D:4      | Noticed a naga sharpshooter
  4036 | D:4      | Noticed an anaconda
  4037 | D:4      | Noticed a naga mage
  4038 | D:4      | Noticed a naga mage
  4099 | D:5      | Entered Level 5 of the Dungeon
  4338 | D:5      | Found a hide-covered altar of Uskayaw.
  4671 | D:6      | Found a shadowy altar of Dithmenos.
  4791 | D:6      | Found Salyaff's General Store.
  4939 | D:6      | Found a white marble altar of Elyvilon.
  5101 | D:6      | Found a runed door.
  5105 | D:6      | Noticed Crazy Yiuf
  5107 | D:6      | Killed Crazy Yiuf
  5175 | D:6      | Found a deep blue altar of Sif Muna.
  5181 | D:6      | Became a worshipper of Sif Muna the Loreminder
  5213 | D:6      | Noticed a cyclops
  5214 | D:6      | Noticed a two-headed ogre
  5266 | D:6      | Reached XP level 7. HP: 151/166 MP: 55/75
  5332 | D:6      | Reached skill level 6 in Earth Magic
  5558 | D:6      | Killed a cyclops
  5558 | D:6      | Reached * piety under Sif Muna
  5692 | D:6      | Gained mutation: You are partially covered in slimy green scales. (AC +2) [potion of beneficial mutation]
  5693 | D:6      | Gained mutation: You heal extremely quickly. [potion of beneficial mutation]
  5706 | D:7      | Entered Level 7 of the Dungeon
  5817 | D:7      | Found a blossoming altar of Fedhas.
  5895 | D:7      | Found a staircase to the Lair.
  5896 | D:7      | Noticed a komodo dragon
  6065 | D:7      | Killed a komodo dragon
  6065 | D:7      | Gained mutation: You regenerate magic extremely rapidly. [Moon Troll growth]
  6065 | D:7      | Reached XP level 8. HP: 126/166 MP: 47/75
  6623 | Lair:1   | Entered Level 1 of the Lair of Beasts
  6748 | Lair:1   | Reached ** piety under Sif Muna
  6748 | Lair:1   | Reached skill level 5 in Spellcasting
  6843 | Lair:1   | Reached skill level 7 in Earth Magic
  8089 | Lair:1   | Reached XP level 9. HP: 166/166 MP: 68/75
  8349 | Lair:2   | Reached *** piety under Sif Muna
  8354 | Lair:2   | HP: 14/166 [komodo dragon (8)]
  8472 | Lair:2   | Reached skill level 8 in Earth Magic
  8716 | Lair:2   | Noticed Nergalle
  8741 | Lair:2   | Killed Nergalle
  8741 | Lair:2   | Received a gift from Sif Muna
  8745 | Lair:2   | Identified Sif Muna's Tome of Unstable Calling (Sif Muna gifted it to you on level 2 of the Lair of Beasts)
  9067 | Lair:2   | Noticed a death yak
  9068 | Lair:2   | Noticed a death yak
  9071 | Lair:2   | Noticed a death yak
  9072 | Lair:2   | Noticed a death yak
  9096 | Lair:2   | Learned a level 4 spell: Fulminant Prism
  9256 | Lair:2   | Killed a death yak
  9256 | Lair:2   | Reached skill level 1 in Conjurations
  9256 | Lair:2   | Reached skill level 1 in Time Magic
  9431 | Lair:2   | Noticed a catoblepas
  9433 | Lair:2   | Reached skill level 1 in Hexes
  9433 | Lair:2   | Gained mutation: You are covered in fur. (AC +1) [Moon Troll growth]
  9433 | Lair:2   | Reached XP level 10. HP: 151/166 MP: 26/75
  9766 | Lair:2   | Killed a death yak
  9773 | Lair:2   | Killed a death yak
  9777 | Lair:2   | Killed a death yak
  9976 | Lair:2   | Killed a catoblepas
 10353 | Lair:2   | Learned a level 4 spell: Iskenderun's Mystic Blast
 10506 | Lair:3   | Noticed Psyche
 10512 | Lair:3   | Killed Psyche
 10811 | Lair:3   | Found a staircase to the Snake Pit.
 11020 | Lair:3   | Reached XP level 11. HP: 149/166 MP: 47/75
 11037 | Lair:3   | Noticed a three-headed hydra
 11042 | Lair:3   | Killed a three-headed hydra
 11042 | Lair:3   | Reached skill level 1 in Ice Magic
 11216 | Lair:3   | Got a fine pewter ring
 11218 | Lair:3   | Identified the ring of the Mackerel {MR+ Int+6} (You found it on level 3 of the Lair of Beasts)
 11877 | Lair:4   | Reached **** piety under Sif Muna
 12410 | Lair:4   | Noticed a death yak
 12411 | Lair:4   | Noticed a death yak
 12411 | Lair:4   | Noticed a death yak
 12413 | Lair:4   | Noticed a death yak
 12416 | Lair:4   | Killed a death yak
 12417 | Lair:4   | Killed a death yak
 12418 | Lair:4   | Killed a death yak
 12425 | Lair:4   | Killed a death yak
 12760 | Lair:4   | HP: 34/366 [wolf (8)]
 12893 | Lair:4   | HP: 30/366 [wolf (11)]
 12894 | Lair:4   | HP: 5/366 [wolf (10)]
 12895 | Lair:4   | Slain by a wolf

Skill      XL: |  1  2  3  4  5  6  7  8  9 10 11 |
---------------+----------------------------------+-----
Earth Magic    | 4 5 6 7 8 |  8.7
Spellcasting   | 3 4 5 6 |  6.7
Conjurations   | 1 3 4 |  4.1
Time Magic     | 1 3 4 |  4.0
Hexes          | 1 2 3 |  3.6
Ice Magic      | 2 |  2.4
Dodging        | |  3.0
Stealth        | |  0.8
Transmutations | |  0.8

Action                   |  1- 3 |  4- 6 |  7- 9 | 10-12 || total
-------------------------+-------+-------+-------+-------++-------
Melee: Unarmed           |     2 |    10 |    67 |    18 ||    97
 Cast: Sandblast         |    59 |       |       |       ||    59
       Stone Arrow       |    71 |   322 |   364 |   231 ||   988
       Iskenderun's Myst |       |       |       |     8 ||     8
       Fulminant Prism   |       |       |       |     7 ||     7
  Use: Scroll            |     6 |    12 |     8 |     6 ||    32
       Potion            |       |       |     8 |     4 ||    12
Armor: Robe              |    51 |    75 |   146 |   105 ||   377
Dodge: Dodged            |    95 |   144 |   320 |   315 ||   874
